 Dungeon Crawl Stone Soup version 0.32-a0-172-gc5dd13f2a7 (webtiles) character file.

Game seed: 106463831789601901

459 BubbleThief the Skirmisher (level 7, -6/44 HPs)
             Began as a Kobold Hunter on Feb 12, 2024.
             Killed by divine providence
             ... invoked by an orc priest
              (12 damage)
             ... on level 4 of the Dungeon.
             The game lasted 00:02:42 (3211 turns).

BubbleThief the Skirmisher (Kobold Hunter)          Turns: 3211, Time: 00:02:43

Health: -6/44      AC:  6    Str:  8    XL:     7   Next: 27%
Magic:  7/7        EV: 14    Int: 10    God:
Gold:   89         SH:  0    Dex: 21    Spells: 6/6 levels left

rFire   . . .        a - +0 shortbow
rCold   . . .        (shield currently unavailable)
rNeg    . . .        c - +0 leather armour
rPois   .            e - +0 helmet
rElec   .            (no cloak)
rCorr   .            u - +1 pair of gloves {Stlth+}
SInv    .            (no boots)
Will    .....        h - amulet of magic regeneration
Stlth   ++++         m - ring of flight
HPRegen 0.27/turn    (no ring)
MPRegen 0.50/turn

%: no passive effects
@: flying
A: small, no large weapons, nightstalker 3
a: no special abilities


You were on level 4 of the Dungeon.
You visited 1 branch of the dungeon, and saw 4 of its levels.

You collected 89 gold pieces.

Inventory:

Hand Weapons
 a - a +0 shortbow (weapon)
Armour
 c - a +0 leather armour (worn)
 e - a +0 helmet (worn)
 u - a +1 pair of gloves of stealth (worn)
Jewellery
 h - an amulet of magic regeneration (around neck)
 m - a ring of flight (left hand)
Wands
 s - a wand of roots (11)
Scrolls
 b - a scroll of butterflies
 d - 3 scrolls of identify {unknown}
 f - 5 scrolls of teleportation {unknown}
 g - 2 scrolls of blinking {unknown}
 i - a scroll of poison {unknown}
 l - a scroll of immolation {unknown}
 o - a scroll of enchant armour {unknown}
Potions
 j - a potion of enlightenment {unknown}
 k - a potion of attraction {unknown}
 n - a potion of haste {unknown}
 p - a potion of berserk rage {unknown}
 q - a potion of brilliance {unknown}
 r - a potion of curing {unknown}
 t - a potion of lignification {unknown}


   Skills:
 + Level 4.9 Fighting
 * Level 9.3 Ranged Weapons
 - Level 2.4 Dodging
 - Level 1.3 Stealth


You had 6 spell levels left.
You didn't know any spells.
Your spell library was empty.

Dungeon Overview and Level Annotations

Branches:
Dungeon (4/15)
 Temple: D:4-7

Altars:
Dithmenos
Wu Jian


Innate Abilities, Weirdness & Mutations

You are small and have problems with some larger weapons.
You are completely attuned to the shadows.


Message History

The orc is severely wounded.
You shoot an arrow. The arrow hits the orc!
You kill the orc!
An orc priest comes into view. It is wielding a +0 dagger.
You shoot an arrow.
The arrow hits the orc but does no damage.
The orc priest calls down the wrath of Beogh upon you.
Beogh smites you!
You shoot an arrow. The arrow barely misses the hobgoblin.
The hobgoblin misses you. The orc barely misses you.
You shoot an arrow. The arrow barely misses the hobgoblin.
The orc barely misses you.
The orc priest invokes the aid of Beogh against you.
Beogh smites you! The hobgoblin closely misses you. The hobgoblin misses you.
The orc hits you with a +0 mace.
* * * LOW HITPOINT WARNING * * *
You are too injured to fight recklessly!
You are too injured to fight recklessly!
Fire: a) +0 shortbow
Press: ? - help, Q - select action, (/) - cycle Shift-Dir - straight line, f/p - hobgoblin
Aim: a hobgoblin (68% to hit)
You shoot an arrow. The arrow hits the hobgoblin!
You kill the hobgoblin!
The orc hits you with a +0 mace.
* * * LOW HITPOINT WARNING * * *
Fire: a) +0 shortbow
Press: ? - help, Q - select action, (/) - cycle Shift-Dir - straight line, f - orc priest
Aim: an orc priest, wielding a +0 dagger (68% to hit)
You shoot an arrow. The arrow hits the orc priest!
The orc priest is heavily wounded.
The orc priest hits you with a +0 dagger.
* * * LOW HITPOINT WARNING * * *
The orc hits you but does no damage.
Fire: a) +0 shortbow
Press: ? - help, Q - select action, (/) - cycle Shift-Dir - straight line, f/p - orc priest
Aim: an orc priest, wielding a +0 dagger (heavily wounded, 68% to hit)
You shoot an arrow. The arrow barely misses the orc priest.
The orc priest invokes the aid of Beogh against you.
Beogh smites you!
You die...

# ###### ...... .##### .##
#....... ..# #....[.. #.#
##....... #.#### ...oo....
#....# .....@###### #....#
......+....# ######### #....#
......####.###.......# ##..##
####.............#.#####.#
##..#
#..........###.#.#.#...#.#
##.###........#...#.#...#.#.#.#
#..........#.###.#.#<....#.#.#
####..######.# #.#.#.....).#.#
###..#####.# #.#.#.#.......#


You could see an orc priest and an orc.

Vanquished Creatures
  An ice beast (D:3)
  A phantom (D:4)
  A scorpion (D:4)
  A bombardier beetle (D:4)
  A hound (D:4)
  An orc priest (D:4)
  5 adders (D:2)
  A dart slug (D:1)
  12 orcs
  10 ball pythons
  9 bats
  3 endoplasms (D:1)
  5 giant cockroaches
  3 goblins (D:2)
  7 hobgoblins
  3 kobolds
  3 quokkas
  3 frilled lizards
  5 rats
75 creatures vanquished.

Notes
Turn   | Place    | Note
-------+----------+-------------------------------------------
     0 | D:1      | BubbleThief the Kobold Hunter began the quest for the Orb.
     0 | D:1      | Reached XP level 1. HP: 12/12 MP: 1/1
    48 | D:1      | Reached XP level 2. HP: 14/18 MP: 2/2
   247 | D:1      | Found a faded altar of an unknown god.
   249 | D:1      | Reached skill level 6 in Ranged Weapons
   336 | D:1      | Reached XP level 3. HP: 22/22 MP: 3/3
   679 | D:2      | Found an ornate altar of the Wu Jian Council.
   831 | D:2      | Reached XP level 4. HP: 28/28 MP: 4/4
  1262 | D:2      | Reached skill level 7 in Ranged Weapons
  1844 | D:3      | Noticed an ice beast
  1854 | D:3      | Killed an ice beast
  1855 | D:3      | Reached XP level 5. HP: 4/33 MP: 5/5
  1855 | D:3      | Reached XP level 6. HP: 5/38 MP: 6/6
  2438 | D:3      | Reached skill level 8 in Ranged Weapons
  2526 | D:3      | Identified the +0 plate armour of Hadjma {Regen+ Dex+2}
  2940 | D:4      | Reached XP level 7. HP: 44/44 MP: 7/7
  2963 | D:4      | Reached skill level 9 in Ranged Weapons
  3101 | D:4      | Found a shadowy altar of Dithmenos.
  3211 | D:4      | Killed from afar by an orc priest

Illustrated notes

Levels and vault maps discovered:
D:1:      lightli_iron_boxes, layout_rooms,
          hellmonk_ecumenical_altar_slurped_away, serial_bayou_pond_d
D:2:      layout_basic, basic_altar, minmay_tromino_i4
D:3:      layout_basic, st_stairs_9
D:4:      layout_basic, grunt_temple_overflow_holy_war,
          nicolae_dithmenos_shadow_blocks

Skill      XL: |  1  2  3  4  5  6  7 |
---------------+----------------------+-----
Ranged Weapons | 6 7 8 9 |  9.3
Fighting       | 3 4 |  4.9
Dodging        | |  2.4
Stealth        | |  1.3

Action                     |  1- 3 |  4- 6 |  7- 9 || total
---------------------------+-------+-------+-------++-------
   Fire: Shortbow          |    96 |    80 |    58 ||   234
 Armour: Leather armour    |    17 |    28 |    18 ||    63
  Dodge: Dodged            |    32 |    25 |    21 ||    78

Table legend: (Time is in decaauts)
 A = Elapsed time spent in this place.
 B = Non-inter-level travel time spent in this place.
 C = Inter-level travel time spent in this place.
 D = Time resting spent in this place.
 E = Time spent auto-exploring this place.
 F = Levels seen in this place.
 G = Mean time per level.
                   A        B        C        D        E       F      G
               +--------+--------+--------+--------+--------+-----+--------+
         Total |   3230 |   3156 |     74 |      0 |   2755 |   4 |  807.5 |
       Dungeon |   3230 |   3156 |     74 |      0 |   2755 |   4 |  807.5 |
               +--------+--------+--------+--------+--------+-----+--------+

Top non-repeatable levels by time:
     D:3: 1183 daAuts
     D:2: 963 daAuts
     D:1: 627 daAuts
     D:4: 455 daAuts
